TOP OF THE 1ST |
Chicago (WIN) Cubs batting - Pitching for New York (WIN) Mets : LHP Jordan Ruiz
|
Pitching: LHP Jordan Ruiz
|
|
Batting: LHB Nate Greening
|
0-0: Ball 1-0: Called Strike 1-1: Swinging Strike 1-2: Strikes out swinging
|
Batting: RHB Ricky Ramirez
|
0-0: Called Strike 0-1: Ball 1-1: Ball 2-1: Ball 3-1: Foul Ball, location: 2F 3-2: Ground out 6-3 (Groundball, 6, EV 88.8 MPH)
|
Batting: RHB Juan Bonilla
|
0-0: Foul Ball, location: 2F 0-1: Foul Ball, location: 2F 0-2: Strikes out swinging
|
Top of the 1st over - 0 runs, 0 hits, 0 errors, 0 left on base; Chicago (WIN) 0 - New York (WIN) 0 |
BOTTOM OF THE 1ST |
New York (WIN) Mets batting - Pitching for Chicago (WIN) Cubs : RHP Nicolai Volnov
|
Pitching: RHP Nicolai Volnov
|
|
Batting: SHB Masatoshi Akahoshi
|
0-0: Ball 1-0: Ball 2-0: Called Strike 2-1: Ball 3-1: Fly out, F8 (Flyball, 8RM, EV 105.6 MPH)
|
Batting: RHB Michael Youngberry
|
0-0: Ball 1-0: Ball 2-0: Swinging Strike 2-1: Fly out, F7 (Flyball, 7S, EV 86.9 MPH)
|
Batting: LHB Bayesa Mundhir
|
0-0: Called Strike 0-1: Ball 1-1: Foul Ball, location: 2F 1-2: Strikes out looking
|
Bottom of the 1st over - 0 runs, 0 hits, 0 errors, 0 left on base; Chicago (WIN) 0 - New York (WIN) 0 |
TOP OF THE 2ND |
Chicago (WIN) Cubs batting - Pitching for New York (WIN) Mets : LHP Jordan Ruiz
|
Batting: RHB Ricardo Aguinaga
|
0-0: Fly out, F8 (Flyball, 8LD, EV 109.4 MPH)
|
Batting: SHB Karl Starnes
|
0-0: Swinging Strike 0-1: Called Strike 0-2: Strikes out swinging
|
Batting: RHB Taylor Garofalo
|
0-0: Ball 1-0: Ground out U3 (Groundball, 3, EV 80.6 MPH)
|
Top of the 2nd over - 0 runs, 0 hits, 0 errors, 0 left on base; Chicago (WIN) 0 - New York (WIN) 0 |
BOTTOM OF THE 2ND |
New York (WIN) Mets batting - Pitching for Chicago (WIN) Cubs : RHP Nicolai Volnov
|
Batting: LHB Tony Leyba
|
0-0: Ball 1-0: Called Strike 1-1: Ball 2-1: Called Strike 2-2: Ball 3-2: Fly out, F7 (Flyball, 7, EV 89.4 MPH)
|
Batting: RHB Andy Carrell
|
0-0: Foul Ball, location: 9LDF 0-1: SINGLE (Line Drive, 5D, EV 94.4 MPH)
|
Batting: RHB Sam Callahan
|
0-0: Ball 1-0: DOUBLE (Line Drive, 89XD, EV 106.9 MPH) Andy Carrell to third Runner from 3rd tries for Home, SAFE, throw by CF to trailing runner, SAFE at third!
|
Batting: RHB Oscar Bravo
|
0-0: Foul Ball, location: 2F 0-1: Foul Ball, location: 2F 0-2: Strikes out swinging
|
Batting: RHB Sang-ton Pak
|
0-0: Ball 1-0: Called Strike 1-1: Ball 2-1: Foul Ball, location: 2F 2-2: Ball 3-2: Foul Ball, location: 2F 3-2: Foul Ball, location: 2F 3-2: Foul Ball, location: 2F 3-2: Foul Ball, location: 2F 3-2: Base on Balls
|
Batting: RHB Enrique Aguirre
|
0-0: Foul Ball, location: 2F 0-1: Ground out 5-3 (Groundball, 56S, EV 85.6 MPH)
|
Bottom of the 2nd over - 1 run, 2 hits, 0 errors, 2 left on base; Chicago (WIN) 0 - New York (WIN) 1 |
TOP OF THE 3RD |
Chicago (WIN) Cubs batting - Pitching for New York (WIN) Mets : LHP Jordan Ruiz
|
Batting: RHB Du Kim
|
0-0: Called Strike 0-1: Foul Ball, location: 5F 0-2: Ball 1-2: Ball 2-2: Strikes out looking
|
Batting: RHB Denis Rachin
|
0-0: Fly out, F8 (Flyball, 8LM, EV 91.9 MPH)
|
Batting: LHB Emir Jalil
|
0-0: Ball 1-0: Ball 2-0: Called Strike 2-1: Called Strike 2-2: Foul Ball, location: 23F 2-2: Strikes out swinging
|
Top of the 3rd over - 0 runs, 0 hits, 0 errors, 0 left on base; Chicago (WIN) 0 - New York (WIN) 1 |
BOTTOM OF THE 3RD |
New York (WIN) Mets batting - Pitching for Chicago (WIN) Cubs : RHP Nicolai Volnov
|
Batting: SHB Masatoshi Akahoshi
|
0-0: Ball 1-0: Fly out, F7 (Flyball, 78M, EV 95.0 MPH)
|
Batting: RHB Michael Youngberry
|
0-0: Bunted foul 0-1: SINGLE (Groundball, 5L, EV 81.9 MPH)
|
Batting: LHB Bayesa Mundhir
|
0-0: Called Strike 0-1: Ball 1-1: Called Strike Michael Youngberry steals 2nd base (no throw) 1-2: Strikes out swinging
|
Batting: LHB Tony Leyba
|
0-0: Called Strike 0-1: Called Strike 0-2: Ball 1-2: Ball 2-2: Strikes out looking
|
Bottom of the 3rd over - 0 runs, 1 hit, 0 errors, 1 left on base; Chicago (WIN) 0 - New York (WIN) 1 |
TOP OF THE 4TH |
Chicago (WIN) Cubs batting - Pitching for New York (WIN) Mets : LHP Jordan Ruiz
|
Batting: LHB Nate Greening
|
0-0: Ball 1-0: Ball 2-0: Ball 3-0: Called Strike 3-1: Base on Balls
|
Batting: RHB Ricky Ramirez
|
0-0: Ball 1-0: Foul Ball, location: 5F 1-1: Ball 2-1: Ball 3-1: Fly out, F7 (Flyball, 78S, EV 95.6 MPH)
|
Batting: RHB Juan Bonilla
|
0-0: Ball 1-0: Fly out, F7 (Flyball, 7, EV 87.5 MPH)
|
Batting: RHB Ricardo Aguinaga
|
0-0: Called Strike 0-1: Ball 1-1: Swinging Strike 1-2: Foul Ball, location: 7LSF 1-2: Foul Ball, location: 7LMF 1-2: Strikes out swinging
|
Top of the 4th over - 0 runs, 0 hits, 0 errors, 1 left on base; Chicago (WIN) 0 - New York (WIN) 1 |
BOTTOM OF THE 4TH |
New York (WIN) Mets batting - Pitching for Chicago (WIN) Cubs : RHP Nicolai Volnov
|
Batting: RHB Andy Carrell
|
0-0: Ball 1-0: Foul Ball, location: 9LMF 1-1: Swinging Strike 1-2: Foul Ball, location: 9LMF 1-2: Ball 2-2: Foul Ball, location: 23FF 2-2: Foul Ball, location: 2F 2-2: Foul Ball, location: 5FF 2-2: Strikes out swinging
|
Batting: RHB Sam Callahan
|
0-0: Foul Ball, location: 2F 0-1: Ball 1-1: Called Strike 1-2: Strikes out swinging
|
Batting: RHB Oscar Bravo
|
0-0: Fly out, F9 (Flyball, 9S, EV 86.3 MPH)
|
Bottom of the 4th over - 0 runs, 0 hits, 0 errors, 0 left on base; Chicago (WIN) 0 - New York (WIN) 1 |
TOP OF THE 5TH |
Chicago (WIN) Cubs batting - Pitching for New York (WIN) Mets : LHP Jordan Ruiz
|
Batting: SHB Karl Starnes
|
0-0: Called Strike 0-1: Called Strike 0-2: Fly out, F7 (Flyball, 7, EV 95.0 MPH)
|
Batting: RHB Taylor Garofalo
|
0-0: Called Strike 0-1: Ball 1-1: Ball 2-1: Ball 3-1: Base on Balls
|
Batting: RHB Du Kim
|
0-0: Foul Ball, location: 9LSF 0-1: Fly out, F8 (Line Drive, 8LD, EV 88.1 MPH)
|
Batting: RHB Denis Rachin
|
0-0: Ball 1-0: Foul Ball, location: 5F 1-1: Foul Ball, location: 2F 1-2: Fly out, F9 (Line Drive, 89M, EV 107.5 MPH)
|
Top of the 5th over - 0 runs, 0 hits, 0 errors, 1 left on base; Chicago (WIN) 0 - New York (WIN) 1 |
BOTTOM OF THE 5TH |
New York (WIN) Mets batting - Pitching for Chicago (WIN) Cubs : RHP Nicolai Volnov
|
Batting: RHB Sang-ton Pak
|
0-0: Ball 1-0: Foul Ball, location: 3F 1-1: Called Strike 1-2: Ball 2-2: Strikes out swinging
|
Batting: RHB Enrique Aguirre
|
0-0: Ball 1-0: Foul Ball, location: 2F 1-1: SOLO HOME RUN (Flyball, 78XD, EV 106.9 MPH), Distance : 417 ft
|
Batting: SHB Masatoshi Akahoshi
|
0-0: Called Strike 0-1: Called Strike 0-2: Foul Ball, location: 5FF 0-2: Strikes out swinging
|
Batting: RHB Michael Youngberry
|
0-0: Ball 1-0: Ball 2-0: Ball 3-0: Called Strike 3-1: Reached on error, E3 (Groundball, 34, EV 82.5 MPH)
|
Batting: LHB Bayesa Mundhir
|
0-0: Ball 1-0: Foul Ball, location: 2LF 1-1: Called Strike 1-2: Foul Ball, location: 7LMF 1-2: Strikes out swinging
|
Bottom of the 5th over - 1 run, 1 hit, 1 error, 1 left on base; Chicago (WIN) 0 - New York (WIN) 2 |
TOP OF THE 6TH |
Chicago (WIN) Cubs batting - Pitching for New York (WIN) Mets : LHP Jordan Ruiz
|
Batting: LHB Emir Jalil
|
0-0: Called Strike 0-1: SINGLE (Line Drive, 4D, EV 98.1 MPH)
|
Batting: LHB Nate Greening
|
0-0: Called Strike 0-1: Foul Ball, location: 25F 0-2: Ball 1-2: Ball 2-2: DOUBLE (Line Drive, 7LM, EV 103.8 MPH) Emir Jalil to third
|
Batting: RHB Ricky Ramirez
|
0-0: Ball Wild Pitch! Emir Jalil scores Nate Greening to third 1-0: Foul Ball, location: 2LF 1-1: Ball 2-1: Ball 3-1: Foul Ball, location: 9LMF 3-2: Ground out 4-3 (Groundball, 4MS, EV 81.9 MPH)
|
Batting: RHB Juan Bonilla
|
0-0: Swinging Strike 0-1: Ball 1-1: Ball 2-1: 2-RUN HOME RUN (Flyball, 7D, EV 100.6 MPH), Distance : 373 ft
|
Batting: RHB Ricardo Aguinaga
|
0-0: Ball 1-0: Called Strike 1-1: Swinging Strike 1-2: Fly out, F8 (Flyball, 8LXD, EV 89.4 MPH)
|
Batting: SHB Karl Starnes
|
0-0: Called Strike 0-1: Swinging Strike 0-2: Ball 1-2: Ball 2-2: Ground out U3 (Groundball, 34S, EV 78.8 MPH)
|
Top of the 6th over - 3 runs, 3 hits, 0 errors, 0 left on base; Chicago (WIN) 3 - New York (WIN) 2 |
BOTTOM OF THE 6TH |
New York (WIN) Mets batting - Pitching for Chicago (WIN) Cubs : RHP Nicolai Volnov
|
Batting: LHB Tony Leyba
|
0-0: Ball 1-0: Ball 2-0: Ball 3-0: Called Strike 3-1: Base on Balls
|
Batting: RHB Andy Carrell
|
0-0: Foul Ball, location: 2F 0-1: Ball 1-1: Ball 2-1: Swinging Strike 2-2: Strikes out swinging
|
Pinch Hitting: LHB Miguel Ramos
|
0-0: Ball 1-0: Foul Ball, location: 3DF 1-1: SINGLE (Groundball, 6MD, EV 96.9 MPH) Tony Leyba to second
|
Batting: RHB Oscar Bravo
|
0-0: Called Strike 0-1: Ball 1-1: Swinging Strike 1-2: Ball 2-2: Ball 3-2: Base on Balls Tony Leyba to third Miguel Ramos to second
|
Batting: RHB Sang-ton Pak
|
0-0: Ball 1-0: Foul Ball, location: 23FF 1-1: Fly out, F7 (Flyball, 7LS, EV 80.0 MPH)
|
Pinch Hitting: LHB Dan Bremseth
|
0-0: Ball 1-0: Called Strike 1-1: Ball 2-1: Foul Ball, location: 23F 2-2: Ball 3-2: Foul Ball, location: 3F 3-2: GRAND SLAM HOME RUN (Flyball, 78XD, EV 112.5 MPH), Distance : 423 ft
|
Pitching: LHP Tom Mooney
|
|
Batting: SHB Masatoshi Akahoshi
|
0-0: Called Strike 0-1: SOLO HOME RUN (Flyball, 7D, EV 98.1 MPH), Distance : 385 ft
|
Batting: RHB Michael Youngberry
|
0-0: Called Strike 0-1: Foul Ball, location: 2F 0-2: Ball 1-2: Ball 2-2: Ball 3-2: Foul Ball, location: 9LMFF 3-2: Fly out, F8 (Flyball, 89M, EV 95.0 MPH)
|
Bottom of the 6th over - 5 runs, 3 hits, 0 errors, 0 left on base; Chicago (WIN) 3 - New York (WIN) 7 |
TOP OF THE 7TH |
Chicago (WIN) Cubs batting - Pitching for New York (WIN) Mets : LHP Jordan Ruiz
|
Now at 3B: Jason Evans
|
|
Now in LF: Dan Bremseth
|
|
Now in CF: Michael Youngberry
|
|
Now in RF: Andy Carrell
|
|
Batting: RHB Taylor Garofalo
|
0-0: Called Strike 0-1: Ball 1-1: Fly out, F7 (Flyball, 7, EV 73.1 MPH)
|
Batting: RHB Du Kim
|
0-0: DOUBLE (Line Drive, 78D, EV 103.8 MPH)
|
Pitching: RHP Matt Bennett
|
|
Batting: RHB Denis Rachin
|
0-0: Called Strike 0-1: Foul Ball, location: 2F 0-2: Ball 1-2: Ball 2-2: Foul Ball, location: 5FF 2-2: Foul Ball, location: 2F 2-2: Ball 3-2: Strikes out swinging
|
Batting: LHB Emir Jalil
|
0-0: Called Strike 0-1: Called Strike 0-2: Strikes out looking
|
Top of the 7th over - 0 runs, 1 hit, 0 errors, 1 left on base; Chicago (WIN) 3 - New York (WIN) 7 |
BOTTOM OF THE 7TH |
New York (WIN) Mets batting - Pitching for Chicago (WIN) Cubs : LHP Tom Mooney
|
Batting: LHB Bayesa Mundhir
|
0-0: Ball 1-0: Ball 2-0: Called Strike 2-1: Ball 3-1: Swinging Strike 3-2: Fly out, F9 (Line Drive, 9, EV 90.6 MPH)
|
Batting: LHB Tony Leyba
|
0-0: Called Strike 0-1: Foul Ball, location: 7LMF 0-2: Foul Ball, location: 2F 0-2: Ball 1-2: Ground out 1-3 (Groundball, P, EV 69.4 MPH)
|
Batting: RHB Andy Carrell
|
0-0: Ball 1-0: Ball 2-0: Foul Ball, location: 5FF 2-1: Fly out, F9 (Line Drive, 9S, EV 96.9 MPH)
|
Bottom of the 7th over - 0 runs, 0 hits, 0 errors, 0 left on base; Chicago (WIN) 3 - New York (WIN) 7 |
TOP OF THE 8TH |
Chicago (WIN) Cubs batting - Pitching for New York (WIN) Mets : RHP Matt Bennett
|
Batting: LHB Nate Greening
|
0-0: Foul Ball, location: 9LSF 0-1: Ball 1-1: Ball 2-1: Foul Ball, location: 3FF 2-2: Foul Ball, location: 5F 2-2: Ball 3-2: Ground out 5-3 (Groundball, 56S, EV 83.8 MPH)
|
Batting: RHB Ricky Ramirez
|
0-0: Called Strike 0-1: Called Strike 0-2: Ball 1-2: Ball 2-2: Foul Ball, location: 9LMF 2-2: SOLO HOME RUN (Flyball, 7D, EV 97.5 MPH), Distance : 378 ft
|
Pitching: RHP Ryan Wilson
|
|
Batting: RHB Juan Bonilla
|
0-0: Ball 1-0: Called Strike 1-1: Swinging Strike 1-2: Foul Ball, location: 9LDF 1-2: Ball 2-2: Strikes out swinging
|
Batting: RHB Ricardo Aguinaga
|
0-0: SINGLE (Groundball, 34D, EV 101.9 MPH)
|
Batting: SHB Karl Starnes
|
0-0: Called Strike 0-1: Ball 1-1: Swinging Strike 1-2: Foul Ball, location: 2F 1-2: Ball Pickoff Throw to First - Out! 1-3 CS
|
Top of the 8th over - 1 run, 2 hits, 0 errors, 0 left on base; Chicago (WIN) 4 - New York (WIN) 7 |
BOTTOM OF THE 8TH |
New York (WIN) Mets batting - Pitching for Chicago (WIN) Cubs : LHP Tom Mooney
|
Batting: SHB Jason Evans
|
0-0: Ball 1-0: Foul Ball, location: 7LSFF 1-1: Foul Ball, location: 2F 1-2: SINGLE (Line Drive, 7S, EV 98.1 MPH)
|
Batting: RHB Oscar Bravo
|
0-0: Ball Jason Evans is caught stealing 2nd base 2-4 1-0: Ball 2-0: Fly out, F8 (Flyball, 8LD, EV 85.6 MPH)
|
Batting: RHB Sang-ton Pak
|
0-0: Ball 1-0: Called Strike 1-1: Ball 2-1: Foul Ball, location: 5F 2-2: Strikes out looking
|
Bottom of the 8th over - 0 runs, 1 hit, 0 errors, 0 left on base; Chicago (WIN) 4 - New York (WIN) 7 |
TOP OF THE 9TH |
Chicago (WIN) Cubs batting - Pitching for New York (WIN) Mets : RHP Ryan Wilson
|
Pitching: RHP Alastair Henry
|
|
Batting: SHB Karl Starnes
|
0-0: Called Strike 0-1: Called Strike 0-2: Strikes out looking
|
Pinch Hitting: LHB Daigo Ishii
|
0-0: SINGLE (Flyball, 8LS, EV 94.4 MPH)
|
Batting: RHB Du Kim
|
0-0: Fly out, F4 (Line Drive, 4, EV 62.5 MPH)
|
Pinch Hitting: RHB Brad Santanello
|
0-0: Called Strike 0-1: Ball 1-1: Foul Ball, location: 5F 1-2: SINGLE (Line Drive, 6M, EV 105.0 MPH) Daigo Ishii to second
|
Batting: LHB Emir Jalil
|
0-0: Ball 1-0: Fly out, F7 (Line Drive, 7S, EV 93.8 MPH)
|
Top of the 9th over - 0 runs, 2 hits, 0 errors, 2 left on base; Chicago (WIN) 4 - New York (WIN) 7 |
|